AoeStats
← Lockhart

Arena

508046975Analyzed
1v1 RM · 12d ago on Sep 20, 2026· 53m 26s· 2 players
Game mode
Random Map
Map size
Tiny (2 player)
Population
200
Speed
Normal
Resources
Standard
Victory
Conquest
Starting age
Dark Age
Ending age
Imperial Age
RankedLock teamsTeams togetherTeam positionsShared explorationLock speedFull tech treeHidden civsTurbo modeCheats
Victory
Defeat
🇬🇧 Koreans · United Kingdom
1302
+20
🇺🇸 Hindustanis · United States
1280
-15
Lockhart
10:28 Feudal Age
14:24 Castle Age
12:17 Double-Bit Axe
17:50 Scale Barding Armor
20:31 Wheelbarrow
20:38 Loom
20:39 Town Watch
26:35 Imperial Age
25:29 Bloodlines
25:19 Husbandry
24:40 Light Cavalry
26:34 Hand Cart
27:23 Chain Barding Armor
27:03 Gold Mining
28:58 Chemistry
27:37 Light Cavalry
29:17 Heavy Camel Rider
32:02 Plate Barding Armor
31:56 Forging
33:42 Imperial Camel Rider
34:45 Horse Collar
36:52 Iron Casting
40:02 Masonry
40:08 Fletching
41:21 Blast Furnace
40:11 Fletching
42:56 Padded Archer Armor
44:49 Leather Archer Armor
44:50 Siege Engineers
45:39 Conscription
46:17 Shatagni
46:42 Ballistics
47:19 Ring Archer Armor
46:45 Bodkin Arrow
53:45 Hoardings
53:39 Bracer
ChunkyCrab
11:27 Feudal Age
15:16 Castle Age
14:12 Double-Bit Axe
14:08 Horse Collar
16:13 Bow Saw
16:05 Loom
21:26 Wheelbarrow
20:59 Gold Mining
21:48 Stone Mining
24:20 Hand Cart
28:20 Imperial Age
26:06 Fletching
27:27 Bodkin Arrow
28:04 Ballistics
29:18 Husbandry
28:41 Crossbowman
30:34 Chemistry
30:09 Conscription
29:18 Capped Ram
30:49 Heavy Plow
33:04 Bracer
34:11 Two-Man Saw
33:41 Thumb Ring
35:00 Elite War Wagon
38:16 Gold Shaft Mining
40:47 Shinkichon
41:20 Pikeman
42:03 Scale Mail Armor
42:01 Halberdier
44:00 Chain Mail Armor
43:55 Forging
45:22 Plate Mail Armor
44:54 Squires
44:40 Arson
Connection lost

Rejoining the realm…

Still unreachable

The connection could not be restored.

Session expired

The server has moved on; the page needs a fresh start.